ITL
TRENTON STARS @ UTICA UNICORNS
04/04/2028
 
TOP OF THE 1ST
Trenton Stars batting - Pitching for Utica Unicorns : RHP Alberto Parra
Pitching: RHP Alberto Parra
Batting: SHB Nick Marshall 0-0: Ball
1-0: Fly out, F7 (Flyball, 7LSF)
Batting: LHB Ju-wei Shiu 0-0: Called Strike
0-1: SINGLE (Groundball, 56D)
Batting: LHB Lee Burton 0-0: Ball
1-0: Called Strike
1-1: Swinging Strike
1-2: Strikes out swinging
Batting: LHB Marvin Morris 0-0: Foul Ball, location: 2F
0-1: Fly out, F8 (Flyball, 8RD)
Top of the 1st over - 0 run(s), 1 hit(s), 0 error(s), 1 left on base; Trenton 0 - Utica 0
BOTTOM OF THE 1ST
Utica Unicorns batting - Pitching for Trenton Stars : RHP Juan Aguilar
Pitching: RHP Juan Aguilar
Batting: RHB Fernando Gálvez 0-0: Foul Ball, location: 2F
0-1: Ball
1-1: Ground out 4-3 (Groundball, 4)
Batting: RHB Gerald Burnett 0-0: Called Strike
0-1: Ball
1-1: Called Strike
1-2: Ball
2-2: Ball
3-2: SINGLE (Groundball, 4MD)
Batting: LHB Pablo Reyes 0-0: Called Strike
0-1: Ball
1-1: Foul Ball, location: 2F
1-2: Strikes out swinging
Batting: RHB Carlos García 0-0: Foul Ball, location: 2F
0-1: Called Strike
0-2: Foul Ball, location: 2F
0-2: Foul Ball, location: 2F
0-2: Ball
1-2: Ball
2-2: Fly out, F8 (Flyball, 8LD)
Bottom of the 1st over - 0 run(s), 1 hit(s), 0 error(s), 1 left on base; Trenton 0 - Utica 0
TOP OF THE 2ND
Trenton Stars batting - Pitching for Utica Unicorns : RHP Alberto Parra
Batting: RHB Rafael Canales 0-0: Called Strike
0-1: Ball
1-1: Called Strike
1-2: Foul Ball, location: 2F
1-2: Ground out 5-3 (Groundball, 5S)
Batting: LHB Ricardo Brandariz 0-0: Swinging Strike
0-1: Ground out 1-3 (Groundball, 15)
Batting: RHB Gabriel Villegas 0-0: SINGLE (Groundball, 6MD)
Batting: RHB Kenji Murayama 0-0: Ball
1-0: Called Strike
1-1: Ball
2-1: Foul Ball, location: 2F
2-2: Foul Ball, location: 2F
2-2: Ball
3-2: Base on Balls
Gabriel Villegas to second
Batting: RHB José Barajas 0-0: Ball
1-0: Ball
2-0: Foul Ball, location: 2F
2-1: Ball
3-1: Base on Balls
Gabriel Villegas to third
Kenji Murayama to second
Batting: SHB Nick Marshall 0-0: Called Strike
0-1: Ball
1-1: Foul Ball, location: 2F
1-2: Ball
2-2: Strikes out looking
Top of the 2nd over - 0 run(s), 1 hit(s), 0 error(s), 3 left on base; Trenton 0 - Utica 0
BOTTOM OF THE 2ND
Utica Unicorns batting - Pitching for Trenton Stars : RHP Juan Aguilar
Batting: LHB José Román 0-0: Called Strike
0-1: Ball
1-1: Ball
2-1: Fly out, F7 (Line Drive, 7LD)
Batting: LHB Mitchell Oglethorpe 0-0: Called Strike
0-1: Ball
1-1: Foul Ball, location: 2F
1-2: Ground out 4-3 (Groundball, 4)
Batting: SHB Conan Hanson 0-0: Foul Ball, location: 2F
0-1: Swinging Strike
0-2: Ball
1-2: Ball
2-2: Fly out, F8 (Flyball, 89M)
Bottom of the 2nd over - 0 run(s), 0 hit(s), 0 error(s), 0 left on base; Trenton 0 - Utica 0
TOP OF THE 3RD
Trenton Stars batting - Pitching for Utica Unicorns : RHP Alberto Parra
Batting: LHB Ju-wei Shiu 0-0: Ground out 3-1 (Groundball, 34)
Batting: LHB Lee Burton 0-0: Ball
1-0: Ball
2-0: Ball
3-0: Called Strike
3-1: Base on Balls
Batting: LHB Marvin Morris 0-0: Called Strike
0-1: Foul Ball, location: 2F
0-2: Strikes out swinging
Batting: RHB Rafael Canales 0-0: Ball
1-0: Called Strike
1-1: Called Strike
1-2: Ball
2-2: Foul Ball, location: 2F
2-2: Foul Ball, location: 2F
2-2: Strikes out looking
Top of the 3rd over - 0 run(s), 0 hit(s), 0 error(s), 1 left on base; Trenton 0 - Utica 0
BOTTOM OF THE 3RD
Utica Unicorns batting - Pitching for Trenton Stars : RHP Juan Aguilar
Batting: RHB José Velázquez 0-0: Ball
1-0: Ball
2-0: Ball
3-0: Base on Balls
Batting: LHB Caleb Hall 0-0: Ball
1-0: Ball
2-0: Ball
3-0: Called Strike
3-1: Base on Balls
José Velázquez to second
Batting: RHB Fernando Gálvez 0-0: Foul Ball, location: 2F
0-1: Ball
1-1: Swinging Strike
1-2: Foul Ball, location: 2F
1-2: 3-RUN HOME RUN (Flyball, 78XD), Distance : 417 ft
Batting: RHB Gerald Burnett 0-0: Ball
1-0: Ball
2-0: Ball
3-0: Called Strike
3-1: SINGLE (Line Drive, 9S)
Batting: LHB Pablo Reyes 0-0: Ball
1-0: SINGLE (Flyball, 8LS)
Gerald Burnett to second
Batting: RHB Carlos García 0-0: Swinging Strike
0-1: Ball
1-1: Called Strike
1-2: Fielders Choice at 2nd, 4-6 (Groundball, 4M)
Gerald Burnett to third
Batting: LHB José Román 0-0: Called Strike
Carlos García steals 2nd base
0-1: Foul Ball, location: 2F
0-2: Foul Ball, location: 2F
0-2: Ball
1-2: Strikes out swinging
Batting: LHB Mitchell Oglethorpe 0-0: Ball
1-0: Swinging Strike
1-1: Ball
2-1: Foul Ball, location: 2F
2-2: Foul Ball, location: 2F
2-2: Foul Ball, location: 2F
2-2: Ball
3-2: Foul Ball, location: 2F
3-2: Foul Ball, location: 2F
3-2: Base on Balls
Batting: SHB Conan Hanson 0-0: Called Strike
0-1: Ball
1-1: Swinging Strike
1-2: Ground out 6-3 (Groundball, 6S)
Bottom of the 3rd over - 3 run(s), 3 hit(s), 0 error(s), 3 left on base; Trenton 0 - Utica 3
TOP OF THE 4TH
Trenton Stars batting - Pitching for Utica Unicorns : RHP Alberto Parra
Batting: LHB Ricardo Brandariz 0-0: Called Strike
0-1: Ball
1-1: Swinging Strike
1-2: Strikes out swinging
Batting: RHB Gabriel Villegas 0-0: Ground out 5-3 (Groundball, 5)
Batting: RHB Kenji Murayama 0-0: Fly out, F4 (Flyball, 34D)
Top of the 4th over - 0 run(s), 0 hit(s), 0 error(s), 0 left on base; Trenton 0 - Utica 3
BOTTOM OF THE 4TH
Utica Unicorns batting - Pitching for Trenton Stars : RHP Juan Aguilar
Batting: RHB José Velázquez 0-0: Ball
1-0: Called Strike
1-1: Ball
2-1: Foul Ball, location: 2F
2-2: Ball
3-2: Strikes out looking
Batting: LHB Caleb Hall 0-0: Called Strike
0-1: Ball
1-1: Fly out, F8 (Flyball, 8LS)
Batting: RHB Fernando Gálvez 0-0: SINGLE (Groundball, 6MD)
Batting: RHB Gerald Burnett 0-0: Ball
1-0: Ball
2-0: Fielders Choice at 2nd, 6-4 (Groundball, 6)
Bottom of the 4th over - 0 run(s), 1 hit(s), 0 error(s), 0 left on base; Trenton 0 - Utica 3
TOP OF THE 5TH
Trenton Stars batting - Pitching for Utica Unicorns : RHP Alberto Parra
Batting: RHB José Barajas 0-0: Foul Ball, location: 2F
0-1: Ground out 6-3 (Groundball, 6)
Batting: SHB Nick Marshall 0-0: Foul Ball, location: 2F
0-1: Ball
1-1: SINGLE (Line Drive, 89S)
Batting: LHB Ju-wei Shiu 0-0: Ball
Throwing error on steal attempt, E2
Nick Marshall to third
1-0: Ball
2-0: Fly out, F7 (Flyball, 78M)
Runner from 3rd tags up, SCORES, no throw
Batting: LHB Lee Burton 0-0: Called Strike
0-1: Swinging Strike
0-2: Strikes out swinging passed ball, reaches first!
Batting: LHB Marvin Morris 0-0: Ball
1-0: Foul Ball, location: 2F
1-1: Ball
2-1: Foul Ball, location: 2F
2-2: Ball
3-2: Strikes out swinging
Top of the 5th over - 1 run(s), 1 hit(s), 1 error(s), 1 left on base; Trenton 1 - Utica 3
BOTTOM OF THE 5TH
Utica Unicorns batting - Pitching for Trenton Stars : RHP Juan Aguilar
Pitching: RHP José Gómez
Batting: LHB Pablo Reyes 0-0: Called Strike
0-1: Swinging Strike
0-2: Fly out, F6 (Popup, 6MD)
Batting: RHB Carlos García 0-0: Ball
1-0: Ball
2-0: Ball
3-0: Called Strike
3-1: Base on Balls
Batting: LHB José Román 0-0: Ball
1-0: Ball
2-0: Ball
3-0: Base on Balls
Carlos García to second
Batting: LHB Mitchell Oglethorpe 0-0: Ball
1-0: Swinging Strike
1-1: Called Strike
1-2: Foul Ball, location: 2F
1-2: Ball
2-2: Foul Ball, location: 2F
2-2: SINGLE (Line Drive, 89S)
Carlos García to third
José Román to second
Batting: SHB Conan Hanson 0-0: Ball
1-0: Ball
2-0: Ball
3-0: Called Strike
3-1: Base on Balls
Carlos García scores
José Román to third
Mitchell Oglethorpe to second
Batting: RHB José Velázquez 0-0: Ball
1-0: Called Strike
1-1: Called Strike
1-2: Ball
2-2: Ball
3-2: Fly out, F7 (Flyball, 7LD)
Runner from 3rd tags up, SCORES, no throw
Batting: LHB Caleb Hall 0-0: Fly out, F3 (Line Drive, 34)
Bottom of the 5th over - 2 run(s), 1 hit(s), 0 error(s), 2 left on base; Trenton 1 - Utica 5
TOP OF THE 6TH
Trenton Stars batting - Pitching for Utica Unicorns : RHP Alberto Parra
Batting: RHB Rafael Canales 0-0: Called Strike
0-1: Ball
1-1: Ball
2-1: Fly out, F8 (Flyball, 8RM)
Batting: LHB Ricardo Brandariz 0-0: Ball
1-0: Called Strike
1-1: Swinging Strike
1-2: Ball
2-2: Ball
3-2: Strikes out looking
Batting: RHB Gabriel Villegas 0-0: Foul Ball, location: 2F
0-1: Ball
1-1: Ground out 6-3 (Groundball, 6)
Top of the 6th over - 0 run(s), 0 hit(s), 0 error(s), 0 left on base; Trenton 1 - Utica 5
BOTTOM OF THE 6TH
Utica Unicorns batting - Pitching for Trenton Stars : RHP José Gómez
Pitching: RHP Jim Cook
Batting: RHB Fernando Gálvez 0-0: Called Strike
0-1: Called Strike
0-2: Ball
1-2: Ball
2-2: SINGLE (Line Drive, 78M)
Batting: RHB Gerald Burnett 0-0: Ball
1-0: SINGLE (Line Drive, 8LM)
Fernando Gálvez to second
Batting: LHB Pablo Reyes 0-0: Foul Ball, location: 2F
0-1: Fly out, F8 (Flyball, 8LS)
Batting: RHB Carlos García 0-0: Called Strike
0-1: Foul Ball, location: 2F
0-2: Strikes out swinging
Batting: LHB José Román 0-0: Foul Ball, location: 2F
0-1: Ball
1-1: Foul Ball, location: 2F
1-2: Foul Ball, location: 2F
1-2: Foul Ball, location: 2F
1-2: Fly out, F8 (Flyball, 8RS)
Bottom of the 6th over - 0 run(s), 2 hit(s), 0 error(s), 2 left on base; Trenton 1 - Utica 5
TOP OF THE 7TH
Trenton Stars batting - Pitching for Utica Unicorns : RHP Alberto Parra
Batting: RHB Kenji Murayama 0-0: Ball
1-0: Foul Ball, location: 2F
1-1: Ball
2-1: Foul Ball, location: 2F
2-2: Ball
3-2: Fly out, F7 (Line Drive, 7)
Batting: RHB José Barajas 0-0: Called Strike
0-1: Swinging Strike
0-2: Foul Ball, location: 2F
0-2: Ball
1-2: Ball
2-2: Ball
3-2: Foul Ball, location: 2F
3-2: Strikes out looking
Batting: SHB Nick Marshall 0-0: Foul Ball, location: 2F
0-1: Foul Ball, location: 2F
0-2: Ball
1-2: Foul Ball, location: 2F
1-2: Strikes out swinging, 2-3 out at first.
Top of the 7th over - 0 run(s), 0 hit(s), 0 error(s), 0 left on base; Trenton 1 - Utica 5
BOTTOM OF THE 7TH
Utica Unicorns batting - Pitching for Trenton Stars : RHP Jim Cook
Batting: LHB Mitchell Oglethorpe 0-0: SINGLE (Flyball, 9LM)
Batting: SHB Conan Hanson 0-0: Ball
1-0: Ball
2-0: Ball
3-0: Called Strike
3-1: Reached on error, E5 (Groundball, 56S)
Mitchell Oglethorpe to second
Batting: RHB José Velázquez 0-0: Swinging Strike
0-1: Fly out, F9 (Flyball, 9LS)
Batting: LHB Caleb Hall 0-0: Ball
1-0: Foul Ball, location: 2F
1-1: Ball
2-1: Swinging Strike
2-2: Ball
3-2: Base on Balls
Mitchell Oglethorpe to third
Conan Hanson to second
Batting: RHB Fernando Gálvez 0-0: Ball
1-0: Ball
2-0: Called Strike
2-1: Foul Ball, location: 2F
2-2: Strikes out looking
Batting: RHB Gerald Burnett 0-0: Fly out, F4 (Line Drive, 4)
Bottom of the 7th over - 0 run(s), 1 hit(s), 1 error(s), 3 left on base; Trenton 1 - Utica 5
TOP OF THE 8TH
Trenton Stars batting - Pitching for Utica Unicorns : RHP Alberto Parra
Pitching: RHP Patrick Doyle
Batting: LHB Ju-wei Shiu 0-0: Foul Ball, location: 2F
0-1: Swinging Strike
0-2: Ball
1-2: Strikes out swinging
Batting: LHB Lee Burton 0-0: Ball
1-0: Ball
2-0: Ball
3-0: Base on Balls
Batting: LHB Marvin Morris 0-0: Called Strike
0-1: Foul Ball, location: 2F
0-2: Foul Ball, location: 2F
0-2: Ball
1-2: Ball
2-2: Fly out, F8 (Flyball, 8LM)
Batting: RHB Rafael Canales 0-0: Ball
1-0: Called Strike
1-1: Ball
2-1: Ball
3-1: Base on Balls
Lee Burton to second
Pitching: RHP Mario González
Batting: LHB Ricardo Brandariz 0-0: Called Strike
0-1: Foul Ball, location: 2F
0-2: Fielders Choice at 2nd, 4-6 (Groundball, 4)
Top of the 8th over - 0 run(s), 0 hit(s), 0 error(s), 1 left on base; Trenton 1 - Utica 5
BOTTOM OF THE 8TH
Utica Unicorns batting - Pitching for Trenton Stars : RHP Jim Cook
Batting: LHB Pablo Reyes 0-0: Foul Ball, location: 2F
0-1: Ball
1-1: Swinging Strike
1-2: Reached on error, E4 (Groundball, 4)
Batting: RHB Carlos García 0-0: Called Strike
0-1: Ball
1-1: Ball
2-1: Fly out, F8 (Flyball, 78D)
Batting: LHB José Román 0-0: Called Strike
Pablo Reyes is caught stealing 2nd base
0-1: Ball
1-1: Ball
2-1: Foul Ball, location: 2F
2-2: Ball
3-2: Ground out 5-3 (Groundball, 56)
Bottom of the 8th over - 0 run(s), 0 hit(s), 1 error(s), 0 left on base; Trenton 1 - Utica 5
TOP OF THE 9TH
Trenton Stars batting - Pitching for Utica Unicorns : RHP Mario González
Batting: RHB Gabriel Villegas 0-0: Called Strike
0-1: Ball
1-1: Foul Ball, location: 2F
1-2: Ground out 4-3 (Groundball, 4)
Pitching: RHP Claudio Rivera
Batting: RHB Kenji Murayama 0-0: Ball
1-0: Ball
2-0: Ball
3-0: Base on Balls
Batting: RHB José Barajas 0-0: Ball
1-0: Foul Ball, location: 2F
1-1: Hit by Pitch
Kenji Murayama to second
Pitching: RHP Jorge Pérez
Pinch Runner at 1st Leonardo Pinto:
Batting: SHB Nick Marshall 0-0: Called Strike
0-1: Swinging Strike
0-2: Strikes out swinging
Batting: LHB Ju-wei Shiu 0-0: DOUBLE (Line Drive, 5D)
Kenji Murayama scores
Leonardo Pinto to third
Batting: LHB Lee Burton 0-0: Called Strike
0-1: Ball
1-1: Ball
2-1: Ball
3-1: Foul Ball, location: 2F
3-2: Base on Balls
Batting: LHB Marvin Morris 0-0: Called Strike
0-1: Swinging Strike
0-2: Ball
1-2: Ball
Wild Pitch!
Leonardo Pinto scores
Ju-wei Shiu to third
Lee Burton to second
2-2: Foul Ball, location: 2F
2-2: Ground out 4-3 (Groundball, 34)
Top of the 9th over - 2 run(s), 1 hit(s), 0 error(s), 2 left on base; Trenton 3 - Utica 5
Tuesday, August 8th, 2017 - OOTP Baseball 17.12 Build 75